cohdb
Replays
Latest Replays
All Replays
Popular Replays
Top Player Replays
Match Explorer
How It Works
Community
CoH3 Stats
Reddit
Sign in to upload your games and track your stats! →
Sign in with Steam
Match 40094200
Unlisted
Match 40094200
Overview
Messages
Build Orders
End
Selects Indian Artillery Battlegroup
Vickers Machine Gun Team
Construct Section Command Post
Infantry Section
Infantry Section
Construct Platoon Command Post
Vickers Machine Gun Team
Selects Towed ML 4.2-inch Heavy Mortar
Unlock M3 Stuart Light Tanks
Selects Valour
M3 Stuart Light Tank
M3 Stuart Light Tank
Construct Field Infirmary
Selects Gurkha Rifles Section
Gurkha Rifles Section
Selects Volunteer Infantry
Construct Company Command Post
Vickers Machine Gun Team
Matilda II Heavy Tank
6-pounder Anti-tank Gun Team
Selects Off-map Airburst Barrage
Off-map Airburst Barrage
Tomoclan
DaveC
Bighazelnut
TEDI_KOX
Wyścigowy skrzacior
DEV ®
0
0
Comments
sign in to comment!
No comments posted yet!